[Event "Titled Tuesday Blitz December 27 Late 2022"]
[White "Mekhitarian, Krikor Sevag"]
[Black "Marjanovic, Annamaria"]
[WhiteFideId "2107660"]
[BlackFideId "750930"]
[WhiteElo "2537"]
[BlackElo "2273"]
[Result "1-0"]
[Round "09"]
[TimeControl "180+2"]
[Date "2022.12.27"]
[WhiteClock "0:00:06"]
[BlackClock "0:00:06"]

1. e4 e5 2. Nf3 Nc6 3. Bb5 a6 4. Ba4 Nf6 5. O-O Be7 6. d3 b5 7. Bb3 d6 8. a4 Bd7 9. c3 O-O 10. Bc2 b4 11. a5 Bg4 12. Nbd2 Qb8 13. h3 Bh5 14. Re1 Bxf3 15. Qxf3 Nd8 16. Nc4 Ne6 17. g3 Re8 18. h4 Bf8 19. Ne3 c5 20. Nc4 Qc7 21. Ba4 Red8 22. Bg5 Be7 23. Bxf6 Bxf6 24. Nb6 Rdb8 25. Nd5 Qd8 26. Re2 bxc3 27. bxc3 c4 28. dxc4 Nc5 29. Bc6 Ra7 30. Nb6 Rxb6 31. axb6 Qxb6 32. Bd5 a5 33. Ree1 a4 34. Reb1 Nb3 35. Ra2 h6 36. Kg2 Qc5 37. h5 Qc7 38. Qe2 Qd7 39. Kh2 Bg5 40. Kg2 Kf8 41. Qd1 Qc7 42. Qc2 Nc5 43. Rb5 Nb3 44. Qb2 Bc1 45. Qb1 Bg5 46. Rb2 Bc1 47. R2xb3 axb3 48. Qxc1 f5 49. Rxb3 fxe4 50. Qb1 e3 51. fxe3 Qc8 52. Rb8 Ra2+ 53. Kg1 Ra1 54. Rxc8+ Ke7 55. Qxa1 1-0


[Site "https://www.chess.com"]

[Event "Titled Tuesday Blitz December 27 Late 2022"]
[White "Melikhov, Evgeny V."]
[Black "Floresvillar Gonzalez, Luis Migu"]
[WhiteFideId "4122046"]
[BlackFideId "5100542"]
[WhiteElo "2269"]
[BlackElo "2043"]
[Result "1-0"]
[Round "09"]
[TimeControl "180+2"]
[Date "2022.12.27"]
[WhiteClock "0:00:04"]
[BlackClock "0:00:02"]

1. d4 Nf6 2. c4 e5 3. dxe5 Ng4 4. Bf4 g5 5. Bg3 Bg7 6. Nf3 Nc6 7. Nc3 Ngxe5 8. Nxe5 Nxe5 9. e3 a5 10. h4 d6 11. hxg5 Qxg5 12. Bf4 Qe7 13. Nd5 Qd8 14. Qh5 c6 15. Nc3 Be6 16. c5 Bg4 17. Qh2 Qe7 18. Be2 Bxe2 19. Nxe2 dxc5 20. Rd1 Rd8 21. Rxd8+ Kxd8 22. O-O Ng6 23. Bd6 Qd7 24. Rd1 Kc8 25. Nc3 Bxc3 26. bxc3 Rd8 27. e4 Qe6 28. f3 Qxa2 29. Rf1 Qe6 30. Bg3 Rd2 31. Qxh7 c4 32. Qg8+ Rd8 33. Qg7 b5 34. Re1 a4 35. f4 Qe7 36. f5 Nf8 37. Qg4 Qd7 38. Qf4 Qb7 39. e5 Nd7 40. e6 fxe6 41. fxe6 Nc5 42. e7 Re8 43. Qf7 Qd7 44. Bd6 Nd3 45. Rf1 Rxe7 46. Bxe7 Qa7+ 47. Kh1 Ne5 48. Qf8+ Kb7 49. Bc5 Qa5 50. Qe7+ Qc7 51. Qxc7+ Kxc7 52. Re1 Nd3 53. Re7+ Kd8 54. Bd6 a3 55. Ra7 1-0


[Site "https://www.chess.com"]

[Event "Titled Tuesday Blitz December 27 Late 2022"]
[White "Melikyan, Gnel"]
[Black "Petrovic, Aleksa"]
[WhiteFideId "54109990"]
[BlackFideId "967629"]
[WhiteElo "2238"]
[BlackElo "2332"]
[Result "0-1"]
[Round "09"]
[TimeControl "180+2"]
[Date "2022.12.27"]
[WhiteClock "0:00:03"]
[BlackClock "0:00:17"]

1. Nf3 Nf6 2. c4 e6 3. g3 b6 4. Bg2 Bb7 5. O-O c5 6. Nc3 a6 7. d4 cxd4 8. Nxd4 Bxg2 9. Kxg2 Qc7 10. Qd3 Be7 11. b3 O-O 12. Bf4 d6 13. Qf3 Ra7 14. Be3 Rc8 15. a4 Nbd7 16. a5 d5 17. cxd5 Ne5 18. axb6 Qxb6 19. Nc6 Qb7 20. Nxe5 Rxc3 21. dxe6 fxe6 22. Rfc1 Qxf3+ 23. exf3 Rxc1 24. Rxc1 Ra8 25. Rc6 Nd5 26. Rxe6 Bf6 0-1


[Site "https://www.chess.com"]

[Event "Titled Tuesday Blitz December 27 Late 2022"]
[White "Melkumyan, Hrant"]
[Black "Gubajdullin, Alexei"]
[WhiteFideId "13302485"]
[BlackFideId "4141202"]
[WhiteElo "2645"]
[BlackElo "2285"]
[Result "1-0"]
[Round "09"]
[TimeControl "180+2"]
[Date "2022.12.27"]
[WhiteClock "0:00:09"]
[BlackClock "0:00:04"]

1. d4 Nf6 2. c4 g6 3. Nc3 Bg7 4. e4 d6 5. f3 O-O 6. Nge2 Nc6 7. Be3 a6 8. Qd2 Rb8 9. Bh6 b5 10. Bxg7 Kxg7 11. Ng3 e5 12. d5 Nd4 13. b3 Bd7 14. Rc1 c5 15. dxc6 Bxc6 16. Bd3 bxc4 17. Bxc4 d5 18. exd5 Nxd5 19. Bxd5 Bxd5 20. Qe3 f6 21. O-O Ba8 22. Rcd1 Qb6 23. Kh1 Qc6 24. Nce2 Ne6 25. Rc1 Qb7 26. Ne4 Rbd8 27. Rc3 Rd7 28. Rfc1 Rfd8 29. Ng1 Qb4 30. Rc4 Qa3 31. Ra4 Qb2 32. b4 Nf4 33. Nf2 Rd2 34. Rc7+ Kh6 35. Ng4+ Kg5 36. Nh3+ Kf5 37. Nh6+ Ke6 38. Rxa6+ Kd5 39. Qc5# 1-0


[Site "https://www.chess.com"]

[Event "Titled Tuesday Blitz December 27 Late 2022"]
[White "Mushini Ajay"]
[Black "Garcia, Gabriel Gonzaga"]
[WhiteFideId "35066188"]
[BlackFideId "2138956"]
[WhiteElo "2310"]
[BlackElo "2091"]
[Result "0-1"]
[Round "09"]
[TimeControl "180+2"]
[Date "2022.12.27"]
[WhiteClock "0:00:02"]
[BlackClock "0:00:06"]

1. e4 c6 2. d4 d5 3. e5 Bf5 4. Nf3 e6 5. Be2 Ne7 6. O-O c5 7. c4 Nbc6 8. Nc3 cxd4 9. Nxd4 Nxd4 10. Qxd4 Nc6 11. Qf4 dxc4 12. Rd1 Qa5 13. Bxc4 Bb4 14. Nb5 O-O 15. a3 a6 16. Nd6 Qxe5 17. axb4 Qxf4 18. Bxf4 Nxb4 19. Nxf5 exf5 20. Bd6 Rfc8 21. Bxf7+ Kxf7 22. Bxb4 Rc7 23. g3 Rac8 24. Bc3 Re7 25. Rd5 g6 26. Kg2 Rc4 27. h4 f4 28. Rad1 fxg3 29. Kxg3 h5 30. Rd6 Rg4+ 31. Kh3 Rf4 32. Bd4 Re6 33. Rxe6 Kxe6 34. Be3 Rb4 35. Rd2 a5 36. Bd4 a4 37. Bc3 Rf4 38. Kg3 Rg4+ 39. Kh3 Rf4 40. Re2+ Kd5 41. Re5+ Kc4 42. Re6 Rxf2 43. Rxg6 a3 44. Be1 axb2 45. Bxf2 b1=Q 46. Rb6 Qd3+ 47. Bg3 Qf5+ 48. Kg2 Qe4+ 49. Kh3 Kc5 50. Bf2+ Kd5 51. Rb5+ Kc6 52. Rc5+ Kd6 53. Rg5 b5 54. Bg3+ Kc6 55. Rxh5 Qh1+ 56. Kg4 Qd1+ 57. Kg5 b4 58. Be5 Qd2+ 59. Kg6 Qg2+ 60. Rg5 Qc2+ 61. Kh6 b3 62. Bf6 Kd7 63. h5 Ke6 64. Bg7 Kf7 65. Be5 b2 66. Bxb2 Qxb2 67. Rf5+ Kg8 68. Kg6 Qb6+ 69. Rf6 Qg1+ 70. Kf5 Qf1+ 71. Kg5 Qg2+ 72. Kf5 Qf3+ 73. Kg5 Qg3+ 74. Kf5 Qh4 75. Rg6+ Kf7 76. Rg5 Qh3+ 77. Kf4 Kf6 78. Rg6+ Kf7 79. Kg5 Qg3+ 80. Kh6 Qf4+ 81. Kh7 Qf5 82. Kh6 Qe4 83. Rg7+ Kf8 84. Rg6 Qf4+ 85. Kh7 Qf5 86. Kh6 Kf7 87. Rg7+ Kf8 88. Rg6 Qf7 89. Kg5 Qe7+ 90. Rf6+ Kg7 91. h6+ Kh7 92. Kf5 Qe3 93. Re6 Qh3+ 94. Ke5 Qe3+ 95. Kd6 Qd4+ 96. Ke7 Kg8 97. Rg6+ Kh7 98. Re6 Qd5 99. Kf6 Kxh6 100. Kf7+ Kh7 101. Kf6 Qf3+ 102. Ke7 Kg7 103. Re5 Qf4 104. Ke6 Kg6 105. Kd5 Kf6 106. Re6+ Kf7 0-1


[Site "https://www.chess.com"]

[Event "Titled Tuesday Blitz December 27 Late 2022"]
[White "Novikova, Galina"]
[Black "Corredor Castellanos, Camilo"]
[WhiteFideId "4157095"]
[BlackFideId "4425871"]
[WhiteElo "2073"]
[BlackElo "1957"]
[Result "1-0"]
[Round "09"]
[TimeControl "180+2"]
[Date "2022.12.27"]
[WhiteClock "0:00:38"]
[BlackClock "0:00:20"]

1. d4 d5 2. Nc3 c6 3. Bf4 Nf6 4. Qd2 a5 5. f3 e6 6. e3 a4 7. a3 b5 8. Bd3 Nbd7 9. Nge2 Nh5 10. O-O Nxf4 11. Nxf4 g5 12. Nh3 Bg7 13. Kh1 h5 14. Rae1 Kf8 15. e4 Bh6 16. Qe2 b4 17. axb4 a3 18. bxa3 Rxa3 19. Nb1 Ra2 20. f4 g4 21. Ng1 Rg8 22. f5 exf5 23. Rxf5 Nf6 24. Rff1 g3 25. h3 Ng4 26. Nf3 Nf2+ 27. Rxf2 gxf2 28. Qxf2 Ra1 29. Ne5 Rg7 30. Rf1 Be6 31. Nxc6 Qg5 32. Ne5 dxe4 33. Bxe4 Ra2 34. b5 Rb2 35. Nc3 Kg8 36. Nd5 Bxd5 37. Bxd5 Rxb5 38. Nxf7 Qxd5 39. Nxh6+ Kh7 40. Nf7 Rxf7 41. Qxf7+ Qxf7 42. Rxf7+ Kg6 43. Rc7 Kf5 44. Rc5+ Rxc5 45. dxc5 h4 46. Kg1 Ke5 47. Kf2 Kd5 48. Kf3 Kxc5 49. Kg4 Kc4 50. Kxh4 Kc3 51. Kg5 Kxc2 52. h4 Kc3 53. h5 Kb3 54. g4 1-0


[Site "https://www.chess.com"]

[Event "Titled Tuesday Blitz December 27 Late 2022"]
[White "Oparin, Grigoriy"]
[Black "Beerdsen, Thomas"]
[WhiteFideId "24125890"]
[BlackFideId "1030108"]
[WhiteElo "2667"]
[BlackElo "2507"]
[Result "0-1"]
[Round "09"]
[TimeControl "180+2"]
[Date "2022.12.27"]
[WhiteClock "0:00:03"]
[BlackClock "0:00:08"]

1. e4 e5 2. Nc3 g6 3. Nf3 Bg7 4. d4 exd4 5. Nxd4 d6 6. Be3 Nc6 7. Qd2 Nf6 8. f3 O-O 9. O-O-O d5 10. Nxc6 bxc6 11. exd5 cxd5 12. Nxd5 Nxd5 13. Qxd5 Rb8 14. c3 Qf6 15. Rd2 Rxb2 16. Qd4 Qe7 17. Qc5 Qxc5 18. Bxc5 Rxd2 19. Kxd2 Rd8+ 20. Kc1 Bh6+ 21. Kc2 Bf5+ 22. Kb3 Rd1 23. Rg1 Rb1+ 24. Ka4 Bd7+ 25. Ka5 Bd2 26. Bc4 Bxc3+ 27. Ka6 Rb2 28. Kxa7 Be5 29. Re1 Bxh2 30. Re7 Rd2 31. Rxf7 Kh8 0-1


[Site "https://www.chess.com"]

[Event "Titled Tuesday Blitz December 27 Late 2022"]
[White "Oro, Faustino"]
[Black "Silvestre, Christian"]
[WhiteFideId "20000197"]
[BlackFideId "30956269"]
[WhiteElo "2269"]
[BlackElo "1942"]
[Result "1/2-1/2"]
[Round "09"]
[TimeControl "180+2"]
[Date "2022.12.27"]
[WhiteClock "0:00:10"]
[BlackClock "0:00:13"]

1. e4 c6 2. d4 d5 3. e5 a6 4. f4 Bf5 5. Nf3 e6 6. Bd3 Ne7 7. O-O c5 8. c3 Nbc6 9. dxc5 Ng6 10. Bxf5 Bxc5+ 11. Kh1 exf5 12. Nbd2 Nf8 13. Nb3 Bb6 14. Qe2 Ne6 15. Be3 O-O 16. Rad1 Ne7 17. c4 Ng6 18. g3 Bxe3 19. Qxe3 Nc7 20. Rd2 Ne7 21. Rfd1 Qd7 22. Qb6 Qc6 23. Qxc6 bxc6 24. cxd5 Ncxd5 25. Rc1 a5 26. Nc5 Rab8 27. b3 Rfd8 28. Kg1 Nb4 29. Rcd1 Ned5 30. Kf2 Rb5 31. Na4 Rc8 32. Nd4 Rbb8 33. Rc1 h6 34. Nxf5 Kh7 35. Nd6 Rc7 36. Rc4 f6 37. e6 Re7 38. f5 g6 39. g4 h5 40. h3 g5 41. Nc5 Nf4 42. Kg3 h4+ 43. Kh2 Nfd5 44. Nce4 Kg7 45. Nc5 Nf4 46. Nde4 Nbd5 47. Na4 Ne3 48. Rc1 Nfd5 49. Rd3 Reb7 50. Nec5 Rb4 51. a3 Rf4 52. Nd7 Rb7 53. Rxc6 Rf2+ 54. Kh1 Rf1+ 55. Kh2 Rf2+ 56. Kg1 Rf1+ 57. Kh2 Rf2+ 1/2-1/2


[Site "https://www.chess.com"]

[Event "Titled Tuesday Blitz December 27 Late 2022"]
[White "Pakleza, Zbigniew"]
[Black "Deac, Bogdan-Daniel"]
[WhiteFideId "1119290"]
[BlackFideId "1226380"]
[WhiteElo "2494"]
[BlackElo "2700"]
[Result "0-1"]
[Round "09"]
[TimeControl "180+2"]
[Date "2022.12.27"]
[WhiteClock "0:00:04"]
[BlackClock "0:00:42"]

1. d4 d6 2. Nf3 Nf6 3. Bf4 Nbd7 4. h3 c6 5. e3 Qb6 6. Qc1 g6 7. Be2 Bg7 8. O-O e5 9. Bh2 Nd5 10. Nbd2 O-O 11. Nc4 Qc7 12. Rd1 N5b6 13. Ncd2 Re8 14. Bf1 e4 15. Ne1 Nf6 16. c4 Qe7 17. b4 c5 18. Nc2 Be6 19. bxc5 dxc5 20. d5 Bd7 21. Rb1 Ba4 22. Nb3 Nfd7 23. Qa3 Be5 24. Bxe5 Qxe5 25. Rdc1 Rac8 26. Na5 Qc7 27. Na1 Ne5 28. Nxb7 Nd3 29. Rc3 Qxb7 30. Qxa4 Nxa4 31. Rxb7 Nxc3 32. Nb3 Nxa2 33. Rxa7 Ra8 34. Rc7 Rec8 35. Re7 Nc3 36. d6 Rd8 37. d7 Kf8 38. Rxe4 Nxe4 39. Bxd3 Nf6 40. Nxc5 Nxd7 0-1


[Site "https://www.chess.com"]

[Event "Titled Tuesday Blitz December 27 Late 2022"]
[White "Pershin, Denis"]
[Black "Baskakov, Egor"]
[WhiteFideId "24165506"]
[BlackFideId "24197866"]
[WhiteElo "2366"]
[BlackElo "2215"]
[Result "0-1"]
[Round "09"]
[TimeControl "180+2"]
[Date "2022.12.27"]
[WhiteClock "0:00:02"]
[BlackClock "0:00:21"]

1. e4 c5 2. Nf3 Nf6 3. e5 Nd5 4. Nc3 e6 5. Nxd5 exd5 6. d4 Nc6 7. dxc5 Bxc5 8. Qxd5 d6 9. Bd3 Qa5+ 10. Kf1 Be6 11. Qe4 dxe5 12. Nxe5 Nxe5 13. Qxe5 O-O 14. b4 Bxb4 15. Qe4 g6 16. Bb2 Bc3 17. Bxc3 Qxc3 18. Qe1 Qc6 19. h4 Bd5 20. f3 h5 21. Qe5 Rfe8 22. Qg5 Rad8 23. Rh3 Bc4 24. f4 Rd5 25. Qg3 Bxd3+ 26. cxd3 Qc3 27. Rd1 Qc2 28. Qf3 Qxa2 29. Rg3 Qb3 30. Kg1 Rf5 31. Rc1 Qb4 32. Rc4 Re1+ 33. Kh2 Qe7 34. Rg5 Rxg5 35. hxg5 Qd7 36. Qf2 Re8 37. Qxa7 Qxd3 38. Rd4 Qe3 39. Qa4 h4 40. Qc4 Qg3+ 41. Kg1 Re1+ 0-1


[Site "https://www.chess.com"]

[Event "Titled Tuesday Blitz December 27 Late 2022"]
[White "Pinheiro, Iung Alicio de O."]
[Black "Foisor, Sabina-Francesca"]
[WhiteFideId "2104350"]
[BlackFideId "1212915"]
[WhiteElo "2306"]
[BlackElo "2185"]
[Result "1-0"]
[Round "09"]
[TimeControl "180+2"]
[Date "2022.12.27"]
[WhiteClock "0:00:18"]
[BlackClock "0:00:02"]

1. e4 c6 2. Nc3 g6 3. Nf3 Bg7 4. d4 d5 5. h3 Nf6 6. Bd3 dxe4 7. Nxe4 Bf5 8. Nxf6+ Bxf6 9. Bh6 Bxd3 10. Qxd3 Qa5+ 11. c3 Qa6 12. c4 Qa5+ 13. Nd2 Nd7 14. O-O Qh5 15. Bf4 O-O 16. Nf3 Qf5 17. Qe3 Rfe8 18. Rfe1 Qc2 19. b3 e6 20. Re2 Qf5 21. Rd1 Qa5 22. Be5 Bg7 23. h4 f6 24. Bg3 e5 25. dxe5 Nxe5 26. Bxe5 fxe5 27. Ng5 Qb6 28. Qe4 Re7 29. h5 Rf8 30. hxg6 h6 31. Nf7 Qc7 32. Rd3 Re6 33. Rg3 Rf6 34. Qh4 Rf4 35. Qh5 R8xf7 36. gxf7+ Rxf7 37. Qxh6 Kf8 38. Rxg7 Rxg7 39. Qh8+ Kf7 40. Qh5+ Kg8 41. Qxe5 Qxe5 42. Rxe5 Rd7 43. Re8+ Kf7 44. Re2 b5 45. cxb5 cxb5 46. Re5 a6 47. a4 b4 48. Ra5 Rd3 49. Rxa6 Rxb3 50. a5 Rb1+ 51. Kh2 b3 52. Rb6 Rb2 53. Kg3 Ke7 54. a6 Ra2 55. Rxb3 Rxa6 56. Rf3 Ra8 57. Kh2 Rh8+ 58. Kg1 Ke6 59. g3 Rg8 60. Rf4 Ke5 61. Kg2 Rh8 62. f3 Rh7 63. Rf8 Ke6 64. g4 Ke7 65. Rf5 Rh8 66. Kg3 Ra8 67. g5 Ra1 68. Rf6 Rg1+ 69. Kh4 Rh1+ 70. Kg4 Ke8 71. f4 Rh2 72. Kf5 Ke7 73. Kg6 Rf2 74. f5 Ke8 75. Ra6 Rg2 76. f6 Rf2 77. Kg7 Rf5 78. g6 Kd8 79. f7 Ke7 80. Ra7+ Ke6 81. f8=Q Rxf8 82. Kxf8 1-0


[Site "https://www.chess.com"]

[Event "Titled Tuesday Blitz December 27 Late 2022"]
[White "Poliakova, Varvara"]
[Black "Quinones Garcia, Santiago"]
[WhiteFideId "13518313"]
[BlackFideId "4408497"]
[WhiteElo "2010"]
[BlackElo "2248"]
[Result "1-0"]
[Round "09"]
[TimeControl "180+2"]
[Date "2022.12.27"]
[WhiteClock "0:01:54"]
[BlackClock "0:01:26"]

1. e4 e5 2. Nf3 Nc6 3. d4 exd4 4. c3 Nf6 5. e5 Ne4 6. Qe2 Nc5 7. cxd4 Na6 8. d5 Ncb8 9. Nc3 Be7 10. d6 O-O 11. dxe7 Qxe7 12. Bg5 Qb4 13. Qe4 Qxb2 14. Rc1 Nc6 15. Bd3 g6 16. O-O Ncb4 17. Bb1 d5 18. Qh4 h5 19. Bf6 Bg4 20. Qg5 Kh7 21. e6 Bxf3 22. gxf3 1-0


[Site "https://www.chess.com"]

[Event "Titled Tuesday Blitz December 27 Late 2022"]
[White "Potapova, Margarita"]
[Black "Vovk, Orest"]
[WhiteFideId "14126869"]
[BlackFideId "14113490"]
[WhiteElo "2104"]
[BlackElo "2315"]
[Result "0-1"]
[Round "09"]
[TimeControl "180+2"]
[Date "2022.12.27"]
[WhiteClock "0:00:31"]
[BlackClock "0:01:09"]

1. d4 e5 2. dxe5 Nc6 3. Nf3 Qe7 4. Nbd2 Nxe5 5. Nxe5 Qxe5 6. Nf3 Qd6 7. Qd3 Qxd3 8. exd3 Nf6 9. d4 d5 10. Bd3 Be7 11. O-O O-O 12. h3 h6 13. Bf4 c6 14. Rfe1 Be6 15. c3 Rfe8 16. Ne5 Nd7 17. Ng6 Bg5 18. Bd6 fxg6 19. Bxg6 Bf7 20. Bf5 Rxe1+ 21. Rxe1 Re8 22. Rd1 Nb6 23. b3 Re2 24. a4 Be6 25. Bd3 Rb2 26. f4 Bh4 27. f5 Bd7 28. g3 Bf6 29. a5 Nc8 30. Bb4 Rxb3 31. Bc2 Rb2 32. Rd2 b6 33. axb6 Nxb6 34. Kh2 Nc4 35. Re2 a5 36. Bc5 Bxf5 37. Re8+ Kf7 38. Rf8+ Kg6 0-1


[Site "https://www.chess.com"]

[Event "Titled Tuesday Blitz December 27 Late 2022"]
[White "Putnam, Liam"]
[Black "Kamsky, Gata"]
[WhiteFideId "30938279"]
[BlackFideId "2000024"]
[WhiteElo "2285"]
[BlackElo "2665"]
[Result "1/2-1/2"]
[Round "09"]
[TimeControl "180+2"]
[Date "2022.12.27"]
[WhiteClock "0:00:11"]
[BlackClock "0:00:10"]

1. e4 c5 2. Nf3 e6 3. d4 cxd4 4. Nxd4 a6 5. Bd3 Bc5 6. Nb3 Ba7 7. Nc3 Nc6 8. O-O Nf6 9. Qe2 d6 10. Kh1 e5 11. f4 exf4 12. Bxf4 Ng4 13. Nd5 O-O 14. Rad1 Nge5 15. Nd2 Bg4 16. Nf3 Nd4 17. Qd2 Nexf3 18. gxf3 Bxf3+ 19. Rxf3 Nxf3 20. Qg2 Ne5 21. Rf1 Kh8 22. Be2 Rc8 23. c3 Re8 24. Bg5 Qa5 25. Nf6 Re6 26. Nh5 Rg6 27. Nf4 Rxg5 28. Qxg5 Qd8 29. Qg2 Qh4 30. Nd3 Nxd3 31. Bxd3 Rc7 32. h3 g6 33. Bc2 Kg7 34. Bb3 Be3 35. Qf3 Bg5 36. Rd1 Bf4 37. Rf1 Be5 38. Bxf7 Qg3 39. Qxg3 Bxg3 40. Bd5 Be5 41. Kg2 b5 42. a3 a5 43. Rf3 h5 44. h4 Bf6 45. Kh3 Rc8 46. Be6 Rb8 47. Bd5 Re8 48. Bc6 Re5 49. Bd5 Re7 50. Rg3 Ra7 51. Rg2 Be5 52. Rc2 Rc7 53. Rf2 Ra7 54. Kg2 Rc7 55. Rf3 Bf6 56. Kg3 Be5+ 57. Kh3 Bf6 58. Be6 Be5 59. Ba2 Bf6 60. Bd5 Be5 61. Kg2 1/2-1/2


[Site "https://www.chess.com"]

[Event "Titled Tuesday Blitz December 27 Late 2022"]
[White "Remolar Gallen, Jose"]
[Black "Martinez Ramirez, Lennis"]
[WhiteFideId "2215187"]
[BlackFideId "3509079"]
[WhiteElo "2285"]
[BlackElo "2426"]
[Result "0-1"]
[Round "09"]
[TimeControl "180+2"]
[Date "2022.12.27"]
[WhiteClock "0:00:02"]
[BlackClock "0:00:26"]

1. d4 d5 2. c4 c6 3. Nc3 Nf6 4. Nf3 g6 5. Bf4 Bg7 6. e3 Ne4 7. Rc1 Nxc3 8. Rxc3 O-O 9. cxd5 cxd5 10. Be2 Nc6 11. O-O Bf5 12. Qa4 Qa5 13. Qxa5 Nxa5 14. Rfc1 Rfc8 15. Rc7 f6 16. h3 Bf8 17. g4 Rxc7 18. Rxc7 Be6 19. b4 Nc6 20. Rxb7 Bc8 21. Rc7 Nxb4 22. a3 Ba6 23. Bxa6 Nxa6 24. Rc6 e5 25. dxe5 Nc5 26. exf6 Ne4 27. Ng5 Bxa3 28. f7+ Kf8 29. Rc7 Be7 30. Nxh7+ Kxf7 31. Ng5+ Ke8 32. h4 a5 33. Nxe4 dxe4 34. h5 gxh5 35. gxh5 a4 36. Rc2 a3 37. Ra2 Ra5 38. h6 Kf7 39. Kg2 Rb5 40. Ra1 Kg6 41. f3 Rb2+ 42. Kg3 exf3 43. Kxf3 a2 44. Be5 Rc2 45. Bd4 Kxh6 46. Ke4 Bb4 47. Kd5 Kg5 48. e4 Kf4 49. Rf1+ Kg3 50. e5 Rd2 51. e6 Bc3 52. e7 Rxd4+ 53. Ke6 Re4+ 54. Kf7 Be1 55. Rxe1 Rxe1 56. e8=Q Rxe8 57. Kxe8 a1=Q 0-1


[Site "https://www.chess.com"]

[Event "Titled Tuesday Blitz December 27 Late 2022"]
[White "Rengifo Blancas, Renzo Jhonathan"]
[Black "Bilan, Danila"]
[WhiteFideId "3807185"]
[BlackFideId "24161918"]
[WhiteElo "2131"]
[BlackElo "2303"]
[Result "1-0"]
[Round "09"]
[TimeControl "180+2"]
[Date "2022.12.27"]
[WhiteClock "0:02:01"]
[BlackClock "0:00:01"]

1. d4 d5 2. c4 c6 3. cxd5 cxd5 4. Nc3 Nf6 5. Nf3 Nc6 6. Bf4 Bf5 7. e3 e6 8. Bd3 Bg6 9. O-O Bd6 10. Rc1 Bxf4 11. exf4 O-O 12. Ne5 Rc8 13. Bb5 Qb6 14. Bxc6 bxc6 15. Na4 Qb7 16. Qb3 Qxb3 17. axb3 Ne4 18. Nxc6 Ra8 19. Nc5 f6 20. Nxe6 Rfe8 21. Nc7 Nd2 22. Nxa8 Nxf1 23. Nc7 Re2 24. Kxf1 Rxb2 25. Ne7+ Kf7 26. Nxg6 hxg6 27. Nxd5 Rxb3 28. Ne3 a5 29. d5 a4 30. Rc7+ Kf8 31. Ra7 a3 32. d6 Rd3 33. Ke2 Rxd6 34. Rxa3 Kg8 35. Ra7 Kh7 36. f5 g5 37. Kf3 Kh6 38. Ra8 Kh7 39. h3 Rb6 40. Re8 Rd6 41. Re6 Rd4 42. g3 Rb4 43. Re7 Rd4 44. Ng4 Rd6 45. h4 gxh4 46. gxh4 Rd3+ 47. Kg2 Rd6 48. Kg3 Kg8 49. h5 Rd3+ 50. f3 Kf8 51. Ra7 Rd5 52. Kf4 Rd4+ 53. Ke3 Rd5 54. Ke4 Rd1 55. h6 Re1+ 56. Kf4 gxh6 57. Nxh6 Rb1 58. Ng4 Rb4+ 59. Kg3 Rb3 60. Nxf6 Rxf3+ 61. Kg4 Rf4+ 62. Kg5 Rxf5+ 63. Kg6 1-0


[Site "https://www.chess.com"]

[Event "Titled Tuesday Blitz December 27 Late 2022"]
[White "Rian, Kapriaga"]
[Black "Wu, Brandon"]
[WhiteFideId "7103263"]
[BlackFideId "30909228"]
[WhiteElo "2089"]
[BlackElo "2123"]
[Result "1-0"]
[Round "09"]
[TimeControl "180+2"]
[Date "2022.12.27"]
[WhiteClock "0:00:11"]
[BlackClock "0:00:09"]

1. d4 Nf6 2. Nf3 g6 3. Bf4 Bg7 4. e3 O-O 5. Be2 c5 6. c3 d5 7. O-O Nc6 8. h3 Ne4 9. Nbd2 Nxd2 10. Qxd2 h6 11. Rfd1 Be6 12. dxc5 Qa5 13. b4 Qa3 14. Nd4 a5 15. b5 Nd8 16. c6 bxc6 17. bxc6 Qc5 18. c7 Nc6 19. Rdc1 Ne5 20. Nb5 Nc4 21. Bxc4 Qxc4 22. Rab1 Bd7 23. Qb2 e5 24. Bg3 Ra6 25. Qb3 Bxb5 26. Qxb5 Rc6 27. Qxa5 Rxc7 28. f4 Qd3 29. fxe5 Re7 30. Rd1 Qxe3+ 31. Kh2 Bxe5 32. Bxe5 Qxe5+ 33. Kh1 Rd7 34. c4 Qe2 35. cxd5 Rfd8 36. Rd2 Qe4 37. Rbd1 g5 38. Qc3 Rxd5 39. Rxd5 Rxd5 40. Rxd5 Qxd5 41. Qc2 h5 42. Qe2 h4 43. Kg1 Kg7 44. Kh1 Kg6 45. Kg1 Qd4+ 46. Kh1 f6 47. Kh2 Qd6+ 48. Kh1 f5 49. Kg1 Qd4+ 50. Kh1 g4 51. hxg4 fxg4 52. Qe8+ Kg5 53. Qe7+ Kf4 54. Qxh4 Qa1+ 55. Kh2 Qxa2 56. Qf6+ Ke4 57. Qg6+ Kf4 58. Qf6+ Ke4 59. Kg3 Qb3+ 60. Kxg4 Qg8+ 61. Kh3 Qh7+ 62. Qh4+ Qxh4+ 63. Kxh4 Ke5 64. Kg5 Ke6 65. Kg6 Ke5 66. g4 Kf4 67. g5 Kg4 68. Kf6 Kf4 69. g6 Ke3 70. g7 Kd3 1-0


[Site "https://www.chess.com"]

[Event "Titled Tuesday Blitz December 27 Late 2022"]
[White "Ronka, Erik"]
[Black "Battlecruiser_Operational"]
[WhiteFideId "505080"]
[WhiteElo "2276"]
[BlackElo "2417"]
[Result "1/2-1/2"]
[Round "09"]
[TimeControl "180+2"]
[Date "2022.12.27"]
[WhiteClock "0:00:08"]
[BlackClock "0:00:04"]

1. d4 d5 2. Nf3 Nf6 3. g3 g6 4. Bg2 Bg7 5. O-O O-O 6. c4 c6 7. b3 Ne4 8. Bb2 Nd7 9. e3 a5 10. Nc3 f5 11. Qe2 e6 12. Rfd1 b6 13. Rac1 Ba6 14. Bf1 Qe7 15. Nd2 Rae8 16. f3 Nxc3 17. Bxc3 e5 18. Qf2 e4 19. f4 Nf6 20. h3 Rd8 21. Nb1 h6 22. Bb2 Rf7 23. Ba3 Qe8 24. cxd5 Bxf1 25. Qxf1 Nxd5 26. Qe2 g5 27. Nc3 Nxc3 28. Rxc3 c5 29. Rc4 cxd4 30. exd4 b5 31. Rc6 Rxd4 32. Rcc1 Rfd7 33. Rxd4 Bxd4+ 34. Kf1 e3 35. Rd1 Qe4 36. Kg1 Rd5 37. Kh2 Kg7 38. fxg5 hxg5 39. Qh5 Bf6 40. Rxd5 Qxd5 41. Qe8 Qd2+ 42. Kh1 Qd1+ 43. Kh2 Qe2+ 44. Kh1 Qf1+ 45. Kh2 Qf2+ 46. Kh1 Qf3+ 47. Kh2 Qf2+ 48. Kh1 Qf3+ 49. Kg1 Qxg3+ 50. Kh1 Qxh3+ 51. Kg1 Qg3+ 52. Kh1 Qf3+ 53. Kh2 Qe4 54. Bf8+ Kg8 55. Be7+ Kg7 56. Qf8+ Kh7 57. Qxf6 Qf4+ 58. Kg2 Qg4+ 59. Kf1 Qf3+ 60. Kg1 Qg3+ 61. Kh1 Qh3+ 62. Kg1 Qg3+ 63. Kh1 Qh3+ 64. Kg1 Qg3+ 1/2-1/2


[Site "https://www.chess.com"]

[Event "Titled Tuesday Blitz December 27 Late 2022"]
[White "Rosen, Eric"]
[Black "Dzierzak, Radoslaw"]
[WhiteFideId "2032562"]
[BlackFideId "1161407"]
[WhiteElo "2349"]
[BlackElo "2220"]
[Result "1-0"]
[Round "09"]
[TimeControl "180+2"]
[Date "2022.12.27"]
[WhiteClock "0:00:20"]
[BlackClock "0:00:03"]

1. d4 Nf6 2. Bf4 c5 3. e3 Nd5 4. Bg3 cxd4 5. exd4 Qb6 6. b3 e5 7. Bc4 Bb4+ 8. Kf1 Nc3 9. Nxc3 Bxc3 10. dxe5 Bxa1 11. Qxa1 O-O 12. Nf3 Nc6 13. h4 d5 14. exd6 Bg4 15. h5 Bxf3 16. gxf3 Qd4 17. Kg2 h6 18. Qxd4 Nxd4 19. Bd3 f5 20. Be5 Nc6 21. f4 Rfe8 22. Re1 Rad8 23. Re3 Nb4 24. Bxf5 Nd5 25. Rg3 Nxf4+ 26. Bxf4 Rf8 27. Be6+ Kh7 28. Be5 g5 29. hxg6# 1-0


[Site "https://www.chess.com"]

[Event "Titled Tuesday Blitz December 27 Late 2022"]
[White "Sargsyan, Anna M."]
[Black "Rego, Pedro Filipe"]
[WhiteFideId "13308130"]
[BlackFideId "1904310"]
[WhiteElo "2375"]
[BlackElo "2312"]
[Result "1-0"]
[Round "09"]
[TimeControl "180+2"]
[Date "2022.12.27"]
[WhiteClock "0:00:07"]
[BlackClock "0:00:33"]

1. d4 Nf6 2. c4 c5 3. d5 b5 4. Qc2 Bb7 5. e4 d6 6. cxb5 a6 7. bxa6 Bxa6 8. Bxa6 Nxa6 9. Nc3 g6 10. Nf3 Bg7 11. O-O O-O 12. Bf4 Nh5 13. Be3 f5 14. exf5 Rxf5 15. Rad1 Nb4 16. Qb3 Nf4 17. Bxf4 Rxf4 18. a3 Na6 19. Ng5 Nc7 20. Rfe1 Bd4 21. Nh3 Rf7 22. Kh1 Bxf2 23. Rf1 Qf8 24. Qb7 Rb8 25. Qxc7 Rxb2 26. Ng5 Rf5 27. Ne6 Qe8 28. Ne4 Rf7 29. Nxf2 Rbxf2 30. Rxf2 Rxf2 31. Kg1 Rf5 32. Qd8 Qxd8 33. Nxd8 Kf8 34. a4 Ke8 35. Nc6 Kd7 36. a5 e6 37. a6 Rf8 38. a7 Ra8 39. Rb1 Kc7 40. Rb8 Rxa7 41. Nxa7 Kxb8 42. dxe6 Kc7 43. e7 Kd7 44. Nc8 d5 45. Nb6+ Kxe7 46. Nxd5+ Kd6 47. Nc3 Ke5 48. Kf2 Kd4 49. Nb5+ Kd3 50. Ke1 c4 51. Kd1 c3 52. Nd6 Ke3 53. Ne8 Kf2 54. g4 Kg2 55. g5 Kxh2 56. Nf6 Kg3 57. Nxh7 Kf4 58. Kc2 Ke5 59. Kxc3 Ke6 60. Kd4 Kf7 61. Ke5 Kg7 62. Nf6 Kf7 63. Kd5 Ke7 64. Ke5 Kf7 65. Kd6 Kg7 66. Ke7 Kh8 67. Ng4 Kg7 68. Ne5 Kh7 69. Kf6 Kg8 70. Kxg6 Kh8 71. Kh6 Kg8 72. g6 Kh8 73. Nf3 Kg8 74. g7 Kf7 75. Kh7 1-0


[Site "https://www.chess.com"]